AoeStats
← McPai

Arena

509739629Analyzed
4v4 RM · 5d ago on Sep 27, 2026· 54m 51s· 8 players
Game mode
Random Map
Map size
Large (8 player)
Population
200
Speed
Normal
Resources
Standard
Victory
Conquest
Starting age
Dark Age
Ending age
Imperial Age
RankedLock teamsTeams togetherTeam positionsShared explorationLock speedFull tech treeHidden civsTurbo modeCheats
Victory
Defeat
🇨🇴 Berbers · Colombia
899
+16
🇮🇩 Cumans · Indonesia
897
+16
🇮🇳 Burgundians · India
873
+17
🇩🇪 Persians · Germany
865
+17
🇧🇷 Portuguese · Brazil
967
-19
🇨🇱 Celts · Chile
904
-17
🇳🇱 Tatars · Netherlands
877
-16
🇳🇱 Danes · Netherlands
834
-14
Deatho
10:25 Feudal Age
10:51 Double-Bit Axe
10:46 Horse Collar
11:56 Wheelbarrow
12:54 Wheelbarrow
12:01 Man-at-Arms
12:27 Arson
15:24 Forging
22:23 Castle Age
21:01 Stone Mining
21:03 Gold Mining
21:38 Scale Barding Armor
23:45 Bow Saw
23:37 Heavy Plow
23:54 Hand Cart
24:01 Husbandry
24:12 Bloodlines
24:49 Iron Casting
27:52 Gold Shaft Mining
28:03 Stone Shaft Mining
31:32 Town Watch
34:24 Imperial Age
32:19 Ballistics
31:55 Murder Holes
32:10 Masonry
32:26 Chain Barding Armor
32:00 Fletching
32:20 Loom
32:36 Town Patrol
33:39 Bodkin Arrow
33:46 Padded Archer Armor
34:59 Cavalier
35:50 Bloodlines
36:04 Conscription
35:04 Elite War Elephant
36:48 Blast Furnace
36:50 Citadels
36:40 Kamandaran
37:54 Chemistry
37:24 Architecture
37:53 Plate Barding Armor
38:52 Caravan
40:36 Savar
41:35 Leather Archer Armor
46:31 Hoardings
52:20 Devotion
54:35 Faith
55:39 Ring Archer Armor
55:10 Scale Mail Armor
McPai
0:35 Loom
10:29 Feudal Age
11:23 Man-at-Arms
25:17 Castle Age
23:49 Horse Collar
27:51 Wheelbarrow
27:31 Forging
27:23 Scale Mail Armor
32:19 Pikeman
33:02 Fletching
33:18 Scale Barding Armor
33:23 Heavy Plow
33:12 Double-Bit Axe
34:01 Hand Cart
38:33 Imperial Age
36:46 Bow Saw
36:36 Bodkin Arrow
37:19 Chain Barding Armor
38:20 Iron Casting
38:32 Gold Mining
38:55 Thumb Ring
39:50 Gold Shaft Mining
39:41 Conscription
41:04 Crop Rotation
41:37 Two-Man Saw
41:21 Stone Mining
41:20 Elite Kipchak
42:30 Caravan
43:01 Ballistics
45:00 Chemistry
45:07 Blast Furnace
44:43 Plate Barding Armor
46:06 Padded Archer Armor
46:23 Chain Mail Armor
48:01 Bloodlines
48:21 Steppe Husbandry
48:23 Cuman Mercenaries
49:21 Elite Steppe Lancer
George_Carse
0:29 Loom
10:43 Feudal Age
17:46 Castle Age
15:46 Double-Bit Axe
28:00 Town Watch
29:29 Pikeman
31:21 Wheelbarrow
33:25 Gold Mining
33:27 Stone Mining
34:04 Bow Saw
33:35 Horse Collar
34:45 Hand Cart
34:31 Town Patrol
40:19 Imperial Age
38:55 Forging
38:45 Scale Mail Armor
38:51 Scale Barding Armor
38:37 Fletching
39:17 Padded Archer Armor
39:30 Bloodlines
39:21 Husbandry
40:29 Fervor
40:42 Squires
40:28 Arson
41:00 Chain Mail Armor
41:20 Iron Casting
42:28 Chain Barding Armor
42:04 Bodkin Arrow
42:14 Kasbah
42:31 Light Cavalry
43:45 Town Patrol
44:22 Plate Mail Armor
44:07 Leather Archer Armor
45:52 Blast Furnace
44:15 Capped Ram
46:10 Conscription
45:52 Maghrebi Camels
48:01 Chemistry
47:08 Siege Engineers
47:13 Masonry
46:44 Treadmill Crane
46:59 Murder Holes
47:25 Ballistics
50:03 Plate Barding Armor
49:29 Bracer
49:45 Leather Archer Armor
48:53 Heavy Camel Rider
53:02 Hoardings
52:31 Hussar
52:53 Elite Camel Archer
54:43 Ring Archer Armor
french_fires
5:01 Wheelbarrow
9:45 Double-Bit Axe
11:31 Feudal Age
14:36 Hand Cart
15:03 Bow Saw
18:44 Castle Age
18:38 Padded Archer Armor
18:29 Fletching
20:03 Gold Mining
22:33 Light Cavalry
24:06 Cavalier
24:47 Husbandry
26:24 Scale Barding Armor
28:03 Forging
29:35 Iron Casting
31:31 Gold Shaft Mining
30:47 Stone Mining
33:53 Scale Mail Armor
34:18 Chain Barding Armor
35:57 Town Watch
37:56 Scale Mail Armor
41:55 Horse Collar
42:08 Stone Mining
43:22 Two-Man Saw
43:37 Loom
43:49 Bodkin Arrow
44:10 Leather Archer Armor
47:41 Imperial Age
45:13 Town Patrol
48:15 Chain Mail Armor
49:15 Bracer
49:16 Elite Skirmisher
50:40 Paladin
52:30 Plate Barding Armor
primeyy1997
13:03 Feudal Age
13:32 Horse Collar
13:38 Double-Bit Axe
17:39 Man-at-Arms
22:34 Castle Age
22:01 Stone Mining
24:57 Scale Mail Armor
26:07 Gambesons
31:19 Bow Saw
32:21 Gold Mining
33:06 Forging
34:22 Squires
35:29 Wheelbarrow
40:54 Imperial Age
39:45 Gold Shaft Mining
39:41 Hand Cart
41:20 Heavy Plow
41:30 Elite Jomsviking
43:25 Iron Casting
43:05 Chain Mail Armor
45:27 Blast Furnace
46:16 Conscription
46:14 Elite Varangian Guard
WaterfietsXL
0:38 Loom
13:37 Feudal Age
14:05 Horse Collar
14:15 Double-Bit Axe
18:10 Gold Mining
17:54 Man-at-Arms
23:07 Castle Age
24:00 Long Swordsman
27:00 Horse Collar
32:53 Bow Saw
33:37 Heavy Plow
38:03 Wheelbarrow
41:58 Imperial Age
41:48 Hand Cart
41:48 Caravan
43:10 Gold Shaft Mining
42:36 Town Watch
42:20 Capped Ram
43:24 Elite Keshik
43:34 Elite Skirmisher
45:27 Chemistry
45:26 Conscription
46:12 Fletching
46:22 Padded Archer Armor
46:19 Heavy Cavalry Archer
49:32 Bodkin Arrow
50:45 Silk Armor
Carti
3:30 Loom
3:35 Loom
11:01 Feudal Age
11:47 Double-Bit Axe
11:44 Horse Collar
13:09 Wheelbarrow
16:04 Gold Mining
19:52 Castle Age
22:57 Castle Age
32:54 Man-at-Arms
33:42 Long Swordsman
35:53 Pikeman
37:00 Hand Cart
36:51 Stone Mining
38:22 Bow Saw
40:39 Town Watch
43:44 Imperial Age
46:58 Conscription
46:53 Furor Celtica
46:19 Onager
48:08 Halberdier
Balbinot0101711
10:20 Feudal Age
14:13 Castle Age
12:59 Double-Bit Axe
13:25 Loom
23:11 Fletching
Connection lost

Rejoining the realm…

Still unreachable

The connection could not be restored.

Session expired

The server has moved on; the page needs a fresh start.